 Dungeon Crawl Stone Soup version 0.31-a0-771-g505c3d19dc (webtiles) character file.

Game seed: 16114803775634783352

21 Zonian the Covered (level 2, -1/27 HPs)
             Began as an Armataur Fighter on Sept 16, 2023.
             Was a Follower of Jiyva.
             Slain by a gnoll
             ... wielding a +0 spear
              (5 damage)
             ... on level 2 of the Dungeon.
             The game lasted 00:01:07 (915 turns).

Zonian the Covered (Armataur Fighter)                Turns: 915, Time: 00:01:11

Health: -1/27      AC:  8    Str: 21    XL:     2   Next: 62%
Magic:  2/2        EV: 12    Int:  8    God:    Jiyva [*.....]
Gold:   30         SH:  4    Dex:  9    Spells: 1/1 levels left

rFire   . . .        a - +0 long sword
rCold   . . .        c - +0 buckler
rNeg    . . .        b - +0 scale mail
rPois   .            h - +0 helmet
rElec   .            (no cloak)
rCorr   .            (no gloves)
SInv    .            (no barding)
Will    .....        (no amulet) Stlth
                     e - +5 ring of evasion
HPRegen 1.04/turn    (no ring)
MPRegen 0.33/turn

%: roll
@: no status effects
A: large, rugged brown scales 3, deformed body, armoured tail, roll, long
tongue, awkward tongue
a: Renounce Religion


You were on level 2 of the Dungeon.
You worshipped Jiyva.
Jiyva was aware of your devotion.
You visited 1 branch of the dungeon, and saw 2 of its levels.

You collected 30 gold pieces.

Inventory:

Hand Weapons
 a - a +0 long sword (weapon)
Missiles
 f - 2 throwing nets
Armour
 b - a +0 scale mail (worn)
 c - a +0 buckler (worn)
 h - a +0 helmet (worn)
Jewellery
 e - a +5 ring of evasion (left hand)
Scrolls
 j - a scroll of identify {unknown}
 l - a scroll of immolation {unknown}
 n - a scroll of amnesia {unknown}
Potions
 d - a potion of might
 g - a potion of heal wounds {unknown}
 i - 3 potions of enlightenment {unknown}
 k - 2 potions of curing {unknown}
 m - a potion of haste {unknown}


   Skills:
 + Level 3.0 Fighting
 + Level 2.1 Long Blades
 + Level 3.9 Armour
 + Level 3.5 Shields


You had one spell level left.
You didn't know any spells.
Your spell library was empty.

Dungeon Overview and Level Annotations

Branches:
Dungeon (2/15)

Altars:
Jiyva


Innate Abilities, Weirdness & Mutations

You are completely covered in rugged brown scales. (AC +3, +7% HP)
Armour fits poorly on your strangely shaped body.
You have a long armoured tail.
You roll when moving toward enemies. (Rampage)
Your long tongue fully drains potion bottles. (2x potion effects)
Your tongue gives you trouble enunciating. (1.5x scroll delay)


Message History

A dart slug comes into view.
A gnoll comes into view. It is wielding a +0 spear.
The gnoll hits you with a +0 flail!
You barely miss the gnoll.
The gnoll shouts!
The gnoll closely misses you.
You slash the gnoll!
The gnoll is severely wounded.
You block the gnoll's attack.
You closely miss the gnoll.
Your tail-slap misses the gnoll.
The gnoll is severely wounded.
The gnoll barely misses you. You block the gnoll's attack.
The gnoll closely misses you. The gnoll hits you with a +0 flail!
You are too injured to fight recklessly!
You are too injured to fight recklessly!
You are too injured to fight recklessly!
Unknown command.
You hit the gnoll.
The gnoll is severely wounded.
The gnoll hits you from afar with a +0 spear.
The gnoll barely misses you.
You hit the gnoll.
You kill the gnoll!
The gnoll hits you but does no damage.
Your Fighting skill increases to level 3!
Unknown command.
Found a ruby potion.
The gnoll hits you but does no damage. The dart slug launches a dart at you.
The slug dart hits you.
The gnoll hits you from afar with a +0 spear.
* * * LOW HITPOINT WARNING * * *
The gnoll closely misses you.
You hit the dart slug but do no damage.
The gnoll hits you from afar with a +0 spear.
* * * LOW HITPOINT WARNING * * *
The gnoll misses you.
You hear a slurping noise.
The dart slug misses you. The gnoll barely misses you.
The gnoll hits you from afar with a +0 spear.
You die...

#.#.............##
#.######.>.......#
#.. #.........#
### #.......J.#
#.........# #
#.........#.# ..
#.........#g#!...
####.#....wg.....
...####@#.#....
.........#.# ..
......###### #
...... ....


You could see 2 gnolls, a dart slug and a neutral endoplasm (wandering) (fellow
slime).

Vanquished Creatures
  A gnoll (D:2)
  A dart slug (D:1)
  2 hobgoblins (D:1)
  A quokka (D:1)
  2 ball pythons (D:1)
  2 goblins (D:1)
  2 rats (D:1)
11 creatures vanquished.

Notes
Turn   | Place    | Note
-------+----------+-------------------------------------------
     0 | D:1      | Zonian the Armataur Fighter began the quest for the Orb.
     0 | D:1      | Reached XP level 1. HP: 19/19 MP: 1/1
   519 | D:1      | Found a faded altar of an unknown god.
   527 | D:1      | Prayed at the altar of an unknown god.
   527 | D:1      | Became a worshipper of Jiyva Jipn the Shapeless
   527 | D:1      | Reached * piety under Jiyva
   631 | D:1      | Reached XP level 2. HP: 23/26 MP: 2/2
   915 | D:2      | Slain by a gnoll

Illustrated notes

Levels and vault maps discovered:
D:1:      minmay_arrival_four_circles, layout_basic,
          chequers_ecumenical_altar_island, chequers_jeans
D:2:      layout_basic, serial_shops, shop

Skill      XL: |  1  2 |
---------------+-------+-----
Long Blades    | 2 |  2.1
Fighting       | 3 |  3.0
Armour         | |  3.9
Shields        | |  3.5

Action                     || total
---------------------------++-------
  Melee: Long sword        ||    25
         Tailslap          ||     2
 Armour: Scale mail        ||    17
  Dodge: Dodged            ||    14
  Block: Buckler           ||     7

Table legend: (Time is in decaauts)
 A = Elapsed time spent in this place.
 B = Non-inter-level travel time spent in this place.
 C = Inter-level travel time spent in this place.
 D = Time resting spent in this place.
 E = Time spent auto-exploring this place.
 F = Levels seen in this place.
 G = Mean time per level.
                   A        B        C        D        E       F      G
               +--------+--------+--------+--------+--------+-----+--------+
         Total |    922 |    904 |     18 |      0 |    765 |   2 |  461.0 |
       Dungeon |    922 |    904 |     18 |      0 |    765 |   2 |  461.0 |
               +--------+--------+--------+--------+--------+-----+--------+

Top non-repeatable levels by time:
     D:1: 882 daAuts
     D:2: 39 daAuts
